 Dungeon Crawl Stone Soup version 0.28-a0-71-g84acfa7270 (webtiles) character file.

Game seed: 2960749371353694602

4162 Conn the Arsonist (level 10, -9/61 HPs)
             Began as an Octopode Fire Elementalist on Aug 1, 2021.
             Was a Follower of Sif Muna.
             Mangled by an unseen horror (12 damage)
             ... on level 10 of the Dungeon.
             The game lasted 00:40:03 (13786 turns).

Conn the Arsonist (Octopode Fire Elementalist)     Turns: 13786, Time: 00:40:10

Health: -9/61      AC:  1    Str:  9    XL:     10   Next: 28%
Magic:  12/28      EV: 13    Int: 20    God:    Sif Muna [*.....]
Gold:   1381       SH:  0    Dex: 12    Spells: 3/21 levels left

rFire   . . .      SeeInvis .   q - +9 long sword "Remyukuz" {flame, rElec}
rCold   . . .      Faith    .   (no shield)
rNeg    . . .      Spirit   .   (helmet restricted)
rPois   +          Reflect  .   (no amulet)
rElec   +          Harm     .   b - ring of magical power
rCorr   .          Rampage  .   o - ring of poison resistance
Will    .....                   (no ring)
Stlth   ++++......              (no ring)
HPRegen 0.20/turn               (no ring)
MPRegen 0.21/turn               (no ring)
                                (no ring)
                                (no ring)

@: about to teleport, marked, hasted, very quick
A: almost no armour, amphibious, 8 rings, camouflage 1, gelatinous body 1,
(nimble swimmer 1), tentacles
a: Renounce Religion, Channel Magic


You were on level 10 of the Dungeon.
You worshipped Sif Muna.
Sif Muna was aware of your devotion.
You visited 2 branches of the dungeon, and saw 11 of its levels.
You also visited: Ossuary and Bailey.

You collected 1381 gold pieces.

Inventory:

Hand Weapons
 p - the +8 frozen axe "Frostbite" {freezing cloud, *Noise Fly rC+}
   (You took it off a gnoll sergeant in a bailey)

   It freezes those it strikes, dealing additional cold damage.
   It can also slow down cold-blooded creatures.
   It occasionally leaves clouds of freezing vapour upon striking a foe.
   It grants immunity to clouds of freezing vapour.
   rC:        It protects you from cold.
   Fly:       It grants you flight.
   *Noise:    It may make noises in combat.
 q - the +9 long sword "Remyukuz" (weapon) {flame, rElec}
   (You found it on level 6 of the Dungeon)

   It burns those it strikes, dealing additional fire damage.
   Big, fiery blades are also staple armaments of hydra-hunters.
   rElec:     It insulates you from electricity.
Missiles
 s - 9 throwing nets
Magical Staves
 d - a staff of earth
Jewellery
 b - a ring of magical power (left tentacle)
 o - a ring of poison resistance (right tentacle)
Wands
 t - a wand of paralysis (2)
Scrolls
 a - 4 scrolls of teleportation
 e - a scroll of fog
 j - a scroll of immolation
 l - 2 scrolls of magic mapping
 r - 2 scrolls of amnesia
Potions
 c - 3 potions of curing
 f - a potion of mutation {unknown}
 g - a potion of ambrosia
 h - a potion of heal wounds {unknown}
 i - 2 potions of might
 k - 2 potions of flight
 m - 2 potions of resistance
 n - a potion of haste
 v - 2 potions of magic
 w - 2 potions of attraction


   Skills:
 + Level 2.6 Fighting
 + Level 1.2(1.9) Short Blades
 + Level 2.2(2.4) Long Blades
 + Level 2.8 Dodging
 + Level 5.4 Stealth
 + Level 6.1 Spellcasting
 * Level 7.9 Conjurations
 + Level 0.1 Hexes
 + Level 2.1 Translocations
 * Level 9.0 Fire Magic


You had 3 spell levels left.
You knew the following spells:

 Your Spells              Type           Power      Damage    Failure   Level
a - Foxfire               Conj/Fire      100%       2x1d9     1%          1
b - Conjure Flame         Conj/Fire      40%        6-21      1%          3
c - Inner Flame           Hex/Fire       24%        N/A       4%          3
d - Sticky Flame          Conj/Fire      40%        2d6       3%          4
e - Fireball              Conj/Fire      20%        3d10      9%          5
f - Blink                 Tloc           N/A        N/A       6%          2

Your spell library contained the following spells:

 Spells                   Type           Power      Damage    Failure   Level
 Static Discharge         Conj/Air       22%        N/A       3%          2
 Ozocubu's Armour         Ice            6%         N/A       30%         3
 Lightning Bolt           Conj/Air       11%        1d24      50%         5
 Cause Fear               Hex            3%         N/A       69%         4
 Manifold Assault         Tloc           14%        N/A       75%         5
 Metabolic Englaciation   Hex/Ice        3%         N/A       95%         5
 Simulacrum               Ice/Necr       3%         N/A       100%        6
 Storm Form               Tmut/Air       3%         N/A       100%        7
 Discord                  Hex            3%         N/A       100%        8
 Maxwell's Capacitive Co  Air            3%         ∞         100%        8


Dungeon Overview and Level Annotations

Branches:
Dungeon (10/15)            Temple (1/1) D:7         Ossuary (visited)
 Bailey (visited)
   Lair: D:8-11         Orc: D:9-12

Altars:
Cheibriados
Dithmenos
Gozag
Sif Muna
Xom
Zin

Annotations:
D:3 PostStallone's ghost, amateur MiBe
D:4 Geomchi's ghost, amateur DjFE
D:9 Harold
D:10 Grum


Innate Abilities, Weirdness & Mutations

You cannot wear most types of armour.
You are amphibious.
You can wear up to eight rings at the same time.
Your skin changes colour to match your surroundings (Stealth+).
Your rubbery body absorbs attacks. (AC +1, EV +1)
((You are camouflaged near water. (Stealth+)))
You have tentacles for arms and can constrict up to eight enemies at once.


Message History

The wraith is lightly damaged.
The foxfire hits the wraith but does no damage.
The wraith is lightly damaged.
A wolf comes into view.
The foxfire hits the wraith but does no damage.
The wraith is lightly damaged.
Grum the Hunter comes into view.
He is wielding a -1 spear.
As you read the scroll of teleportation, it crumbles to dust.
You feel strangely unstable.
The foxfire hits the wraith but does no damage.
The wraith is lightly damaged.
The foxfire hits the wraith but does no damage.
The wraith is lightly damaged.
The foxfire hits the wraith but does no damage.
The wraith is lightly damaged.
A howler monkey comes into view.
There is a stone staircase leading up here.
You miss the wolf. Your grab misses the wolf. Something barely misses you.
The howler monkey hoots and howls with incredible vigour!
Something hits you.
* * * LOW HITPOINT WARNING * * *
Deactivating autopickup; reactivate with Ctrl-A.
A centaur comes into view.
The wolf bites you.
* * * LOW HITPOINT WARNING * * *
You hear a bellow!
You hear an angry growl. x2; You hear a shout! x2
You feel better. Something hits you. The wolf bites you!
* * * LOW HITPOINT WARNING * * *
The wraith barely misses you.
You riposte.
You hit the wraith. You burn the wraith.
The wraith is lightly damaged.
Something hits you.
* * * LOW HITPOINT WARNING * * *
You feel better. Something hits you!
* * * LOW HITPOINT WARNING * * *
The wolf closely misses you.
The centaur wields a +0 shortbow.
The centaur shoots an arrow.
The arrow hits you!
* * * LOW HITPOINT WARNING * * *
Something hits you!
You die...

...<............
hc).....>.......
................
.....g..........
................
.......h........
.......h........
.......@W.......
################


You could see Grum, a wraith, 2 wolves, a centaur and a howler monkey.

Vanquished Creatures
  3 slime creatures (D:8)
  A steam dragon (D:6)
  An orc warrior (D:8)
  An ice beast (D:8)
  A necrophage (D:5)
  3 sky beasts
  3 ogres
  A centaur (D:10)
  A phantom (D:4)
  2 bullfrogs
  9 gnoll sergeants
  A wyvern zombie (D:8)
  2 scorpions (D:6)
  4 killer bees (D:7)
  3 wights (D:7)
  3 howler monkeys (D:7)
  A centaur skeleton (D:5)
  A centaur zombie (D:9)
  2 jellies
  2 hounds (Bailey)
  7 gnoll shamans
  3 orc priests
  An iguana (D:6)
  4 orc wizards (D:7)
  A killer bee zombie (D:8)
  15 mummies
  22 gnolls
  8 adders
  2 shadow imps
  2 white imps
  3 worms
  3 dart slugs
  23 orcs
  10 ball pythons
  9 endoplasms
  4 giant cockroaches (D:2)
  6 goblins
  5 hobgoblins
  9 jackals
  3 quokkas
  3 bats (D:1)
  7 frilled lizards
  2 gnoll skeletons (Ossuary)
  3 goblin skeletons (Ossuary)
  A hobgoblin zombie (D:7)
  6 kobolds
  A kobold skeleton (Ossuary)
  2 orc skeletons (Ossuary)
  An orc zombie (D:7)
  7 rats
  11 rat skeletons (Ossuary)
  A butterfly (D:7)
230 creatures vanquished.

Vanquished Creatures (collateral kills)
  A foxfire (D:5)
1 creature vanquished.

Vanquished Creatures (others)
  1050 foxfires
1050 creatures vanquished.

Grand Total: 1281 creatures vanquished

Notes
Turn   | Place    | Note
-------+----------+-------------------------------------------
     0 | D:1      | Conn the Octopode Fire Elementalist began the quest for the
                  | Orb.
     0 | D:1      | Reached XP level 1. HP: 11/11 MP: 3/3
   792 | D:1      | Reached XP level 2. HP: 15/17 MP: 1/5
  1591 | D:2      | Reached XP level 3. HP: 21/21 MP: 3/6
  1987 | D:2      | Found a faded altar of an unknown god.
  2453 | D:2      | Reached XP level 4. HP: 25/27 MP: 7/7
  2661 | D:2      | Reached skill level 4 in Fire Magic
  3441 | D:3      | Found a runed translucent door.
  3443 | D:3      | Noticed PostStallone's ghost (amateur MiBe)
  3944 | D:3      | Found a runed translucent door.
  4087 | D:3      | Reached XP level 5. HP: 31/31 MP: 8/8
  4518 | D:4      | Noticed an ogre
  4532 | D:4      | Learned a level 3 spell: Conjure Flame
  4536 | D:4      | Learned a level 3 spell: Inner Flame
  4539 | D:4      | Learned a level 2 spell: Blink
  4617 | D:4      | Killed an ogre
  4618 | D:4      | Reached skill level 1 in Short Blades
  4844 | D:4      | Found a large runed translucent door.
  4845 | D:4      | Found a large runed translucent door.
  4845 | D:4      | Noticed Geomchi's ghost (amateur DjFE)
  4927 | D:4      | Reached XP level 6. HP: 36/36 MP: 10/10
  5085 | D:4      | Reached skill level 1 in Translocations
  5852 | D:5      | Entered Level 5 of the Dungeon
  5927 | D:5      | Noticed a necrophage
  6044 | D:5      | Reached skill level 1 in Fighting
  6044 | D:5      | Killed a necrophage
  6045 | D:5      | Reached XP level 7. HP: 9/43 MP: 8/11
  6379 | D:5      | Reached skill level 5 in Fire Magic
  7121 | D:6      | Noticed a steam dragon
  7226 | D:5      | Learned a level 4 spell: Sticky Flame
  7314 | D:6      | Identified the +9 long sword "Remyukuz" {flame, rElec}
  7399 | D:6      | Reached XP level 8. HP: 48/48 MP: 13/13
  7447 | D:6      | Found a shadowy altar of Dithmenos.
  8193 | D:6      | Reached skill level 5 in Conjurations
  8197 | D:6      | Reached skill level 6 in Fire Magic
  8866 | D:7      | Reached XP level 9. HP: 38/54 MP: 4/16
  8915 | D:7      | Reached skill level 5 in Spellcasting
  8915 | D:7      | Reached skill level 7 in Fire Magic
  8968 | D:7      | Found a sand-covered staircase.
  8972 | Ossuary  | Entered an ossuary
  9051 | Ossuary  | Learned a level 5 spell: Fireball
  9608 | D:7      | Reached skill level 1 in Long Blades
  9725 | D:7      | Found a staircase to the Ecumenical Temple.
  9739 | Temple   | Entered the Ecumenical Temple
  9786 | Temple   | Became a worshipper of Sif Muna the Loreminder
 10402 | D:4      | Identified a scroll of acquirement
 10402 | D:4      | Acquired 613 gold pieces
 10773 | D:8      | Reached skill level 5 in Stealth
 11231 | D:8      | Reached skill level 8 in Fire Magic
 11285 | D:8      | Found a flagged portal.
 11294 | Bailey   | Entered a bailey
 11724 | Bailey   | Reached XP level 10. HP: 61/61 MP: 14/18
 12628 | Bailey   | Reached * piety under Sif Muna
 13722 | D:9      | Noticed Harold
 13742 | D:9      | Reached skill level 9 in Fire Magic
 13745 | D:10     | Entered Level 10 of the Dungeon
 13781 | D:10     | Noticed Grum
 13786 | D:10     | HP: 3/61 [centaur/arrow (10)]
 13786 | D:10     | Mangled by an unseen horror

Illustrated notes

Levels and vault maps discovered:
D:1:      saegor_arrival_simple_e, layout_loops_corners, chequers_hall_statues_y
D:2:      layout_basic, chequers_ecumenical_altar_grove, minmay_pentomino_s4
D:3:      minmay_evil_eye, layout_basic, ebering_ghost_sewer_f
D:4:      layout_loops_ring, ebering_ghost_disaster_area
D:5:      layout_loops_ring, grunt_decor_mini_mirrors, glass_columns_a
D:6:      layout_basic, lemuel_crystal_altar
D:7:      layout_basic, minmay_temple_entry_butterflies,
          nicolae_ossuary_entry_giza
D:8:      layout_basic, enter_bailey_2, chequers_serial_rivers_small_3,
          chequers_serial_rivers_room_b
D:9:      layout_long_grid, minmay_crystal_water, minivault_26, uniq_harold
D:10:     layout_small_grid, nicolae_uskayaw_en_pointe,
          chequers_temple_overflow_minitemple, due_lair_maze_entry_diamond,
          hellmonk_guarded_unrand_frostbite, uniq_grum
Temple:   regret_index_temple_generic_petals

Skill      XL: |  1  2  3  4  5  6  7  8  9 10 |
---------------+-------------------------------+-----
Stealth        | 3 4 5 |  5.4
Fire Magic     | 4 5 6 8 9 |  9.0
Conjurations   | 2 3 4 5 7 |  7.9
Short Blades   | 1 |  1.2
Spellcasting   | 3 4 5 6 |  6.1
Translocations | 1 2 |  2.1
Fighting       | 1 2 |  2.6
Long Blades    | 2 |  2.2
Dodging        | |  2.8
Hexes          | |  0.1

Action                   |  1- 3 |  4- 6 |  7- 9 | 10-12 || total
-------------------------+-------+-------+-------+-------++-------
Melee: Unarmed           |     5 |       |       |       ||     5
       Constrict         |     7 |    12 |    19 |     2 ||    40
       Tentacles         |     8 |    15 |    13 |     1 ||    37
       Dagger            |    22 |    64 |    23 |       ||   109
       Long sword        |       |       |    51 |     7 ||    58
 Cast: Foxfire           |    65 |   108 |   242 |   189 ||   604
       Conjure Flame     |       |     2 |    11 |     2 ||    15
       Blink             |       |     2 |     1 |     4 ||     7
       Sticky Flame      |       |       |     8 |     3 ||    11
       Fireball          |       |       |     5 |     6 ||    11
       Inner Flame       |       |       |     2 |       ||     2
Invok: Channel Magic     |       |       |       |     1 ||     1
  Use: Scroll            |     3 |     1 |    12 |     2 ||    18
       Potion            |       |     2 |     3 |     3 ||     8
 Stab: Sleeping          |     3 |     7 |     8 |       ||    18
Armor: Skin              |     4 |     7 |     5 |       ||    16
Dodge: Dodged            |    19 |    71 |    66 |    17 ||   173
       Rpst.: Long sword |       |       |    16 |     2 ||    18

Table legend: (Time is in decaauts)
 A = Elapsed time spent in this place.
 B = Non-inter-level travel time spent in this place.
 C = Inter-level travel time spent in this place.
 D = Time resting spent in this place.
 E = Time spent auto-exploring this place.
 F = Levels seen in this place.
 G = Mean time per level.
                   A        B        C        D        E       F      G
               +--------+--------+--------+--------+--------+-----+--------+
         Total |  13796 |  13400 |    396 |   2569 |   7242 |  13 | 1061.2 |
       Dungeon |  11283 |  10912 |    371 |   1623 |   6715 |  10 | 1128.3 |
        Temple |     85 |     60 |     25 |      0 |     51 |   1 |   85.0 |
       Ossuary |    569 |    569 |      0 |     84 |    145 |   1 |  569.0 |
        Bailey |   1857 |   1857 |      0 |    862 |    331 |   1 | 1857.0 |
               +--------+--------+--------+--------+--------+-----+--------+

Top non-repeatable levels by time:
     D:4: 2128 daAuts
  Bailey: 1857 daAuts
     D:2: 1687 daAuts
     D:1: 1505 daAuts
     D:6: 1456 daAuts
     D:7: 1188 daAuts
     D:8: 1157 daAuts
     D:3: 1113 daAuts
     D:5: 985 daAuts
 Ossuary: 569 daAuts
  Temple: 85 daAuts
    D:10: 38 daAuts
     D:9: 22 daAuts
